General information
- name: BNet
- type: Ladder team game (AT/RT)
- host: Battle.net
- saver: sc2no.wc4yes
map: GoldRush
- players: 8
- length: 38:18
- speed: Fast
- version: 1.26 W3XP
- replay type: Public
» download(233 KB)
Players
team 1 (winner)

»
sc2no.wc4yes (
yellow | 72 APM | 2746 actions | 38:18)
8 Blademaster
3 Wind Walk
3 Critical Strike
1 Bladestorm
1 Mirror Image
1 Demon Hunter
1 Metamorphosis
2 Keeper of the Grove
1 Entangling Roots
1 Thorns Aura
1 Archmage
1 Summon Water Elemental
» actions
| Assign group hotkey | 83 | |
| Basic commands | 71 | |
| Build / train | 195 | |
| ESC pressed | 12 | |
| Enter build submenu | 186 | |
| Enter hero's abilities submenu | 12 | |
| Give item / drop item | 2 | |
| Right click | 849 | |
| Select / deselect | 348 | |
| Select group hotkey | 579 | |
| Use ability | 409 | |
2746 total
» units
| Peon | 78 | |
| Dryad | 9 | |
| Troll Batrider | 18 | |
| Wisp | 8 | |
| Druid of the Talon | 4 | |
| Gryphon Rider | 12 | |
| Chimaera | 3 | |
| Wind Rider | 2 | |
134 total
» upgrades
| Spiked Barricades | 1 | |
| Reinforced Defenses | 1 | |
| Nature's Blessing | 1 | |
| Liquid Fire | 1 | |
| Druid of the Talon Training | 1 | |
| Storm Hammers | 1 | |
| Ranged Weapons | 2 | |
| Armor | 3 | |
| Corrosive Breath | 1 | |
| Swords | 1 | |
| Envenomed Spears | 1 | |
14 total
» buildings
| Altar of Storms | 1 | |
| Orc Burrow | 6 | |
| War Mill | 4 | |
| Voodoo Lounge | 3 | |
| Watch Tower | 125 | |
| Great Hall | 3 | |
| Stronghold | 2 | |
| Fortress | 3 | |
| Beastiary | 3 | |
| Keep | 2 | |
| Town Hall | 2 | |
| Altar of Elders | 2 | |
| Ancient of Wind | 3 | |
| Gryphon Aviary | 3 | |
| Altar of Kings | 1 | |
| Farm | 14 | |
| Moon Well | 5 | |
| Castle | 2 | |
| Blacksmith | 1 | |
| Barracks | 1 | |
| Chimaera Roost | 10 | |
196 total
» build order
00:09 Altar of Storms
00:13 Orc Burrow
00:53 War Mill
01:14 Voodoo Lounge
01:41 Orc Burrow
03:09 Watch Tower
03:10 Watch Tower
03:36 Watch Tower
03:54 Watch Tower
04:20 Watch Tower
04:20 Watch Tower
04:21 Watch Tower
04:49 Great Hall
04:59 Watch Tower
05:21 Watch Tower
05:22 Watch Tower
05:59 Watch Tower
06:00 Watch Tower
06:06 Voodoo Lounge
06:24 Watch Tower
07:12 Watch Tower
07:13 Watch Tower
07:43 Stronghold
07:44 Stronghold
08:29 Watch Tower
08:30 Watch Tower
08:59 Orc Burrow
09:05 Watch Tower
09:07 Watch Tower
09:52 Great Hall
10:02 Watch Tower
10:34 Fortress
10:34 Fortress
10:35 Fortress
10:39 Watch Tower
11:28 Watch Tower
11:31 Watch Tower
11:32 Watch Tower
11:32 Watch Tower
11:32 Watch Tower
11:33 Watch Tower
11:43 War Mill
12:21 Watch Tower
12:21 Watch Tower
12:21 Watch Tower
12:21 Watch Tower
12:37 Watch Tower
12:38 Watch Tower
12:44 Watch Tower
13:14 Watch Tower
13:18 Watch Tower
13:25 Watch Tower
13:43 Watch Tower
13:44 Watch Tower
13:56 Watch Tower
13:59 Watch Tower
14:01 Watch Tower
14:19 War Mill
14:23 Watch Tower
14:23 Watch Tower
14:41 Watch Tower
14:42 Watch Tower
14:47 Orc Burrow
14:48 Orc Burrow
14:48 Orc Burrow
15:57 Watch Tower
15:57 Watch Tower
15:58 Watch Tower
15:58 Watch Tower
15:58 Watch Tower
15:59 Watch Tower
16:03 Watch Tower
16:03 Watch Tower
16:04 Watch Tower
16:04 Watch Tower
16:04 Watch Tower
16:58 Watch Tower
16:58 Watch Tower
16:59 Watch Tower
16:59 Watch Tower
16:59 Watch Tower
17:00 Watch Tower
17:27 Watch Tower
17:27 Watch Tower
17:27 Watch Tower
17:41 Watch Tower
17:41 Watch Tower
17:42 Watch Tower
18:12 Watch Tower
18:13 Watch Tower
18:13 Watch Tower
18:13 Watch Tower
18:14 Watch Tower
18:32 Watch Tower
18:32 Watch Tower
18:33 Watch Tower
18:41 War Mill
18:56 Watch Tower
18:56 Watch Tower
18:56 Watch Tower
19:07 Voodoo Lounge
19:20 Watch Tower
19:20 Watch Tower
19:20 Watch Tower
19:31 Watch Tower
19:32 Watch Tower
19:51 Beastiary
19:52 Beastiary
19:55 Beastiary
21:02 Keep
21:02 Keep
22:23 Town Hall
23:40 Great Hall
23:50 Altar of Elders
23:50 Ancient of Wind
23:51 Ancient of Wind
23:53 Altar of Elders
23:54 Ancient of Wind
23:57 Gryphon Aviary
23:58 Gryphon Aviary
23:58 Gryphon Aviary
24:01 Altar of Kings
24:03 Farm
25:10 Moon Well
25:34 Watch Tower
25:34 Watch Tower
25:34 Watch Tower
25:35 Watch Tower
25:36 Watch Tower
25:36 Watch Tower
26:27 Castle
26:27 Castle
26:28 Blacksmith
26:34 Barracks
27:25 Watch Tower
27:26 Watch Tower
27:26 Watch Tower
27:26 Watch Tower
27:27 Watch Tower
27:27 Watch Tower
28:06 Chimaera Roost
28:06 Chimaera Roost
28:07 Chimaera Roost
28:07 Chimaera Roost
28:08 Moon Well
28:09 Moon Well
28:09 Moon Well
28:12 Chimaera Roost
28:13 Chimaera Roost
28:13 Chimaera Roost
28:15 Chimaera Roost
28:16 Chimaera Roost
28:18 Chimaera Roost
28:20 Moon Well
28:54 Farm
28:57 Farm
28:57 Farm
28:58 Farm
28:58 Farm
28:58 Farm
29:29 Watch Tower
29:30 Watch Tower
29:30 Watch Tower
29:30 Watch Tower
29:58 Farm
29:58 Farm
29:58 Farm
29:58 Farm
30:11 Farm
30:11 Farm
30:11 Farm
30:19 Town Hall
30:49 Watch Tower
30:49 Watch Tower
30:49 Watch Tower
30:50 Watch Tower
30:50 Watch Tower
30:50 Watch Tower
35:06 Watch Tower
35:07 Watch Tower
35:07 Watch Tower
35:07 Watch Tower
35:08 Watch Tower
36:00 Watch Tower
36:01 Watch Tower
36:54 Watch Tower
36:54 Watch Tower
36:55 Watch Tower
36:55 Watch Tower
» items
| Lesser Clarity Potion | 7 | |
| Healing Salve | 7 | |
| Staff of Teleportation | 1 | |
| Boots of Speed | 2 | |
| Moonstone | 1 | |
| Orb of Lightning | 1 | |
| Tiny Great Hall | 1 | |
| Potion of Lesser Invulnerability | 1 | |
| Scroll of Regeneration | 1 | |
22 total
bkzpimp (
orange | 37 APM | 1425 actions | 38:17)
6 Archmage
3 Summon Water Elemental
2 Brilliance Aura
1 Mass Teleport
5 Paladin
2 Holy Light
1 Divine Shield
2 Devotion Aura
» actions
| Basic commands | 1 | |
| Build / train | 142 | |
| Enter build submenu | 44 | |
| Enter hero's abilities submenu | 11 | |
| Give item / drop item | 4 | |
| Remove unit from queue | 1 | |
| Right click | 473 | |
| Select / deselect | 636 | |
| Use ability | 113 | |
1425 total
» units
| Peasant | 30 | |
| Rifleman | 29 | |
| Sorceress | 15 | |
| Spell Breaker | 4 | |
78 total
» upgrades
| Gunpowder | 3 | |
| Armor | 3 | |
| Lumber Harvesting | 2 | |
| Masonry | 3 | |
| Sorceress Training | 2 | |
| Long Rifles | 1 | |
| Priest Training | 1 | |
| Control Magic | 1 | |
| Magic Sentry | 1 | |
17 total
» buildings
| Altar of Kings | 1 | |
| Farm | 9 | |
| Blacksmith | 1 | |
| Barracks | 2 | |
| Scout Tower | 18 | |
| Arcane Tower | 1 | |
| Town Hall | 5 | |
| Keep | 1 | |
| Castle | 1 | |
| Arcane Sanctum | 2 | |
| Lumber Mill | 1 | |
| Arcane Vault | 1 | |
| Guard Tower | 7 | |
50 total
» build order
00:23 Altar of Kings
00:40 Farm
00:55 Blacksmith
01:18 Farm
01:55 Farm
02:02 Barracks
02:52 Scout Tower
02:56 Scout Tower
03:36 Arcane Tower
03:46 Farm
05:38 Town Hall
05:57 Farm
06:53 Keep
07:38 Farm
08:51 Farm
09:23 Castle
09:37 Farm
10:03 Barracks
10:06 Arcane Sanctum
10:11 Arcane Sanctum
10:18 Lumber Mill
11:56 Town Hall
13:07 Town Hall
13:52 Town Hall
14:25 Farm
16:24 Arcane Vault
19:47 Scout Tower
19:48 Scout Tower
19:50 Scout Tower
19:52 Scout Tower
19:57 Scout Tower
20:22 Guard Tower
20:24 Scout Tower
20:27 Scout Tower
20:33 Scout Tower
20:36 Scout Tower
20:40 Scout Tower
20:43 Guard Tower
21:00 Guard Tower
21:04 Scout Tower
21:08 Scout Tower
21:11 Scout Tower
21:15 Scout Tower
21:17 Guard Tower
21:20 Scout Tower
21:39 Guard Tower
21:43 Scout Tower
21:45 Guard Tower
22:52 Guard Tower
36:43 Town Hall
» items
| Healing Salve | 1 | |
| Lesser Clarity Potion | 3 | |
| Scroll of Regeneration | 4 | |
| Scroll of Town Portal | 7 | |
| Orb of Fire | 1 | |
| Potion of Healing | 7 | |
23 total
o_Qe (
blue | 88 APM | 1758 actions | 19:59)
3 Archmage
1 Summon Water Elemental
2 Brilliance Aura
2 Mountain King
1 Storm Bolt
1 Bash
1 Paladin
1 Holy Light
» actions
| Assign group hotkey | 26 | |
| Basic commands | 235 | |
| Build / train | 108 | |
| ESC pressed | 2 | |
| Enter build submenu | 31 | |
| Enter hero's abilities submenu | 6 | |
| Give item / drop item | 1 | |
| Remove unit from queue | 2 | |
| Right click | 429 | |
| Select / deselect | 410 | |
| Select group hotkey | 398 | |
| Use ability | 110 | |
1758 total
» units
| Peasant | 16 | |
| Footman | 11 | |
| Knight | 5 | |
| Priest | 2 | |
| Spell Breaker | 4 | |
| Sorceress | 1 | |
39 total
» upgrades
| Masonry | 3 | |
| Lumber Harvesting | 2 | |
| Priest Training | 2 | |
| Animal War Training | 1 | |
| Plating | 1 | |
9 total
» buildings
| Farm | 7 | |
| Altar of Kings | 1 | |
| Barracks | 1 | |
| Scout Tower | 12 | |
| Arcane Vault | 2 | |
| Arcane Tower | 6 | |
| Lumber Mill | 2 | |
| Guard Tower | 16 | |
| Keep | 1 | |
| Town Hall | 2 | |
| Castle | 2 | |
| Blacksmith | 1 | |
| Arcane Sanctum | 1 | |
54 total
» build order
00:12 Farm
00:19 Altar of Kings
00:27 Farm
00:54 Barracks
01:46 Scout Tower
01:53 Farm
02:04 Arcane Vault
02:20 Arcane Tower
03:21 Scout Tower
03:31 Scout Tower
03:39 Arcane Tower
03:40 Arcane Tower
03:43 Lumber Mill
04:34 Guard Tower
04:34 Guard Tower
04:54 Scout Tower
05:12 Guard Tower
05:21 Farm
05:23 Farm
05:25 Farm
05:53 Farm
06:47 Keep
07:28 Town Hall
07:36 Scout Tower
07:38 Scout Tower
07:40 Scout Tower
07:43 Scout Tower
07:44 Scout Tower
08:03 Scout Tower
08:08 Scout Tower
08:14 Guard Tower
08:15 Guard Tower
08:17 Arcane Tower
08:31 Guard Tower
08:31 Guard Tower
09:46 Castle
09:48 Arcane Tower
09:49 Guard Tower
10:00 Blacksmith
10:25 Guard Tower
10:25 Guard Tower
10:32 Arcane Sanctum
11:28 Scout Tower
12:27 Guard Tower
12:27 Guard Tower
13:03 Arcane Tower
13:06 Guard Tower
13:14 Guard Tower
14:11 Arcane Vault
14:35 Lumber Mill
15:34 Town Hall
18:40 Guard Tower
» items
| Scroll of Regeneration | 5 | |
| Lesser Clarity Potion | 3 | |
| Scroll of Town Portal | 2 | |
| Orb of Fire | 3 | |
| Ivory Tower | 8 | |
| Staff of Sanctuary | 1 | |
| Potion of Healing | 1 | |
23 total
Ral (
teal | 41 APM | 818 actions | 19:53)
5 Demon Hunter
2 Mana Burn
2 Evasion
1 Immolation
2 Keeper of the Grove
1 Thorns Aura
1 Entangling Roots
» actions
| Assign group hotkey | 4 | |
| Basic commands | 26 | |
| Build / train | 67 | |
| Enter build submenu | 20 | |
| Enter hero's abilities submenu | 7 | |
| Give item / drop item | 3 | |
| Right click | 330 | |
| Select / deselect | 275 | |
| Select group hotkey | 43 | |
| Use ability | 42 | |
818 total
» units
| Wisp | 21 | |
| Archer | 6 | |
| Huntress | 8 | |
| Mountain Giant | 2 | |
| Dryad | 5 | |
| Druid of the Talon | 2 | |
| Glaive Thrower | 2 | |
46 total
» upgrades
| Strength of the Moon | 2 | |
| Moon Armor | 1 | |
| Improved Bows | 1 | |
| Strength of the Wild | 1 | |
| Abolish Magic | 1 | |
| Upgrade Moon Glaive | 1 | |
| Druid of the Talon Training | 1 | |
| Reinforced Hides | 1 | |
9 total
» buildings
| Altar of Elders | 1 | |
| Moon Well | 8 | |
| Ancient of War | 2 | |
| Hunter's Hall | 1 | |
| Tree of Ages | 1 | |
| Ancient Protector | 1 | |
| Tree of Life | 1 | |
| Ancient of Wonders | 1 | |
| Ancient of Lore | 2 | |
| Tree of Eternity | 1 | |
| Ancient of Wind | 1 | |
20 total
» build order
00:08 Altar of Elders
00:13 Moon Well
00:26 Ancient of War
01:35 Moon Well
02:33 Hunter's Hall
03:05 Moon Well
03:38 Tree of Ages
04:28 Ancient of War
05:26 Ancient Protector
06:56 Tree of Life
07:06 Ancient of Wonders
07:10 Ancient of Lore
07:52 Moon Well
08:54 Moon Well
09:45 Tree of Eternity
11:14 Ancient of Wind
12:58 Ancient of Lore
13:04 Moon Well
14:34 Moon Well
15:32 Moon Well
» items
team 2 (loser)
Ny.Yankees (
green | 47 APM | 1745 actions | 37:29)
6 Death Knight
3 Death Coil
1 Unholy Aura
1 Death Pact
1 Animate Dead
6 Pit Lord
2 Rain of Fire
1 Cleaving Attack
2 Howl of Terror
1 Doom
5 Dark Ranger
3 Silence
2 Life Drain
» actions
| Assign group hotkey | 35 | |
| Build / train | 118 | |
| ESC pressed | 1 | |
| Enter build submenu | 38 | |
| Enter hero's abilities submenu | 19 | |
| Give item / drop item | 2 | |
| Remove unit from queue | 4 | |
| Right click | 527 | |
| Select / deselect | 380 | |
| Select group hotkey | 433 | |
| Use ability | 188 | |
1745 total
» units
| Acolyte | 20 | |
| Ghoul | 7 | |
| Crypt Fiend | 6 | |
| Frost Wyrm | 8 | |
41 total
» upgrades
| Creature Carapace | 2 | |
| Web | 1 | |
| Burrow | 1 | |
| Creature Attack | 1 | |
| Freezing Breath | 1 | |
6 total
» buildings
| Crypt | 1 | |
| Ziggurat | 16 | |
| Altar of Darkness | 1 | |
| Graveyard | 1 | |
| Tomb of Relics | 2 | |
| Nerubian Tower | 5 | |
| Spirit Tower | 8 | |
| Necropolis | 3 | |
| Halls of the Dead | 1 | |
| Black Citadel | 1 | |
| Sacrificial Pit | 1 | |
| Boneyard | 3 | |
43 total
» build order
00:30 Crypt
00:32 Ziggurat
00:41 Altar of Darkness
01:02 Graveyard
01:17 Tomb of Relics
01:29 Ziggurat
02:03 Nerubian Tower
03:48 Spirit Tower
04:57 Necropolis
05:03 Ziggurat
05:59 Nerubian Tower
06:01 Ziggurat
06:05 Tomb of Relics
07:14 Ziggurat
07:28 Halls of the Dead
07:31 Ziggurat
07:42 Necropolis
07:45 Ziggurat
08:04 Spirit Tower
08:09 Spirit Tower
08:15 Ziggurat
08:46 Nerubian Tower
08:50 Nerubian Tower
09:09 Ziggurat
09:49 Black Citadel
09:56 Ziggurat
09:57 Spirit Tower
10:06 Ziggurat
10:30 Ziggurat
10:35 Ziggurat
10:40 Ziggurat
10:44 Ziggurat
10:45 Ziggurat
11:30 Spirit Tower
11:53 Spirit Tower
11:55 Spirit Tower
12:43 Sacrificial Pit
12:57 Spirit Tower
13:43 Boneyard
13:49 Boneyard
14:14 Boneyard
22:24 Necropolis
» items
| Rod of Necromancy | 2 | |
| Sacrificial Skull | 2 | |
| Dust of Appearance | 1 | |
| Potion of Mana | 7 | |
| Potion of Healing | 9 | |
| Orb of Corruption | 3 | |
| Scroll of Town Portal | 5 | |
| Scroll of Speed | 1 | |
| Scroll of Regeneration | 1 | |
| Lesser Clarity Potion | 1 | |
32 total
wc2012 (
red | 45 APM | 1732 actions | 38:06)
5 Blademaster
3 Wind Walk
2 Critical Strike
5 Shadow Hunter
3 Healing Wave
2 Hex
» actions
| Assign group hotkey | 16 | |
| Basic commands | 16 | |
| Build / train | 91 | |
| Enter build submenu | 34 | |
| Enter hero's abilities submenu | 10 | |
| Give item / drop item | 2 | |
| Remove unit from queue | 1 | |
| Right click | 1094 | |
| Select / deselect | 295 | |
| Select group hotkey | 58 | |
| Use ability | 115 | |
1732 total
» units
| Peon | 26 | |
| Grunt | 4 | |
| Tauren | 8 | |
| Shaman | 8 | |
46 total
» upgrades
| Armor | 3 | |
| Melee Weapons | 3 | |
| Spiked Barricades | 2 | |
| Shaman Training | 2 | |
| Pulverize | 1 | |
11 total
» buildings
| Altar of Storms | 1 | |
| Orc Burrow | 7 | |
| Voodoo Lounge | 1 | |
| Barracks | 1 | |
| Stronghold | 1 | |
| War Mill | 1 | |
| Spirit Lodge | 1 | |
| Great Hall | 5 | |
| Fortress | 1 | |
| Tauren Totem | 2 | |
| Watch Tower | 17 | |
38 total
» build order
00:09 Altar of Storms
00:14 Orc Burrow
00:44 Voodoo Lounge
01:27 Barracks
01:54 Orc Burrow
03:32 Stronghold
03:42 War Mill
05:35 Orc Burrow
06:02 Spirit Lodge
06:21 Great Hall
06:40 Fortress
07:33 Orc Burrow
09:11 Tauren Totem
09:42 Tauren Totem
10:35 Watch Tower
10:35 Watch Tower
10:36 Watch Tower
10:37 Watch Tower
11:20 Watch Tower
11:21 Watch Tower
11:22 Watch Tower
11:23 Watch Tower
15:30 Orc Burrow
15:35 Watch Tower
15:38 Watch Tower
20:07 Orc Burrow
23:30 Great Hall
23:35 Great Hall
26:26 Great Hall
26:59 Watch Tower
27:00 Watch Tower
27:01 Watch Tower
28:03 Great Hall
28:30 Watch Tower
28:52 Orc Burrow
29:25 Watch Tower
29:29 Watch Tower
30:46 Watch Tower
» items
| Healing Salve | 2 | |
| Lesser Clarity Potion | 2 | |
| Scroll of Speed | 2 | |
| Orb of Lightning | 1 | |
| Potion of Healing | 4 | |
| Potion of Mana | 3 | |
| Scroll of Town Portal | 4 | |
| Orb of Fire | 1 | |
19 total
WaSaBi. (
purple | 36 APM | 1343 actions | 36:57)
6 Blood Mage
3 Flame Strike
2 Siphon Mana
1 Summon Phoenix
» actions
| Assign group hotkey | 3 | |
| Basic commands | 21 | |
| Build / train | 58 | |
| Enter build submenu | 31 | |
| Enter hero's abilities submenu | 6 | |
| Remove unit from queue | 3 | |
| Right click | 622 | |
| Select / deselect | 476 | |
| Select group hotkey | 43 | |
| Use ability | 80 | |
1343 total
» units
| Peasant | 21 | |
| Footman | 5 | |
| Dragonhawk Rider | 3 | |
| Gryphon Rider | 3 | |
32 total
» upgrades
| Defend | 1 | |
| Swords | 1 | |
| Armor | 1 | |
| Lumber Harvesting | 1 | |
| Masonry | 1 | |
| Storm Hammers | 1 | |
| Cloud | 1 | |
7 total
» buildings
| Altar of Kings | 1 | |
| Farm | 8 | |
| Barracks | 1 | |
| Scout Tower | 4 | |
| Arcane Tower | 1 | |
| Arcane Vault | 1 | |
| Lumber Mill | 1 | |
| Blacksmith | 1 | |
| Keep | 1 | |
| Guard Tower | 2 | |
| Castle | 1 | |
| Gryphon Aviary | 2 | |
| Town Hall | 6 | |
30 total
» build order
00:12 Altar of Kings
00:17 Farm
00:23 Barracks
00:58 Farm
01:40 Scout Tower
01:59 Farm
02:10 Arcane Tower
02:37 Farm
03:28 Arcane Vault
03:39 Lumber Mill
03:45 Blacksmith
04:22 Keep
05:02 Scout Tower
06:09 Guard Tower
06:14 Farm
07:12 Farm
07:14 Castle
07:25 Gryphon Aviary
07:30 Gryphon Aviary
08:52 Farm
10:33 Scout Tower
10:36 Scout Tower
11:18 Guard Tower
11:49 Farm
14:07 Town Hall
15:29 Town Hall
16:32 Town Hall
20:20 Town Hall
34:18 Town Hall
35:20 Town Hall
» items
| Scroll of Regeneration | 2 | |
| Scroll of Town Portal | 1 | |
| Potion of Healing | 1 | |
4 total
centralchargr64 (
pink | 21 APM | 818 actions | 38:16)
5 Blademaster
2 Wind Walk
3 Critical Strike
2 Shadow Hunter
1 Healing Wave
1 Serpent Ward
» actions
| Basic commands | 7 | |
| Build / train | 52 | |
| Enter build submenu | 21 | |
| Enter hero's abilities submenu | 7 | |
| Right click | 397 | |
| Select / deselect | 278 | |
| Use ability | 56 | |
818 total
» units
| Peon | 6 | |
| Grunt | 8 | |
| Wind Rider | 15 | |
| Demolisher | 4 | |
33 total
» upgrades
| Spiked Barricades | 2 | |
| Melee Weapons | 1 | |
| Reinforced Defenses | 1 | |
| Envenomed Spears | 1 | |
5 total
» buildings
| Altar of Storms | 1 | |
| Orc Burrow | 5 | |
| Barracks | 1 | |
| Voodoo Lounge | 1 | |
| War Mill | 1 | |
| Stronghold | 1 | |
| Watch Tower | 7 | |
| Beastiary | 1 | |
| Fortress | 1 | |
| Great Hall | 2 | |
21 total
» build order
00:08 Altar of Storms
00:18 Orc Burrow
01:17 Orc Burrow
01:27 Barracks
02:31 Orc Burrow
03:43 Orc Burrow
05:20 Voodoo Lounge
05:55 War Mill
05:59 Stronghold
06:38 Orc Burrow
07:42 Watch Tower
09:40 Watch Tower
11:08 Beastiary
11:12 Watch Tower
12:20 Watch Tower
12:22 Fortress
13:14 Great Hall
14:22 Watch Tower
15:31 Watch Tower
20:11 Watch Tower
27:11 Great Hall
» items
| Healing Salve | 2 | |
| Orb of Lightning | 1 | |
3 total
Chat log
(00:33 / Allies) bkzpimp: units
(00:40 / Allies) o_Qe: melee
(03:30 / Allies) sc2no.wc4yes: fastbuild a mana tower or they will prey on you without mercy
(03:31 / Allies) sc2no.wc4yes: ya
(08:29 / All) WaSaBi.: why there is always a noob bm?
(08:38 / All) WaSaBi.: and its obvious you will amss wyvs?
(08:40 / All) WaSaBi.: FUCKER
(08:46 / All) sc2no.wc4yes: probably because your stats suck too much to match you against a pro bm
(09:12 / All) WaSaBi.: noobes hero ever, fucking nerd
(09:30 / All) sc2no.wc4yes: you get to play the noob card or the nerd one
(09:31 / All) sc2no.wc4yes: not both
(11:41 / Allies) bkzpimp: lumber me plz
(12:11 / All) WaSaBi.: gtfo nerd?
(15:33 / All) WaSaBi.: fucking nooob
(15:35 / All) WaSaBi.: do something else
(15:49 / All) bkzpimp: thanks for xp
(15:54 / All) Ny.Yankees: yea i kno
(16:02 / All) Ny.Yankees: went to tp 2 late
(18:29 / Allies) bkzpimp: tp
(19:24 / All) Ny.Yankees: Rape?
(19:34 / All) Ny.Yankees: where is that bitch bm?
(19:37 / Allies) sc2no.wc4yes: get some workers out
(19:40 / All) WaSaBi.: FUCKING NOO
(19:42 / All) WaSaBi.: NOOB
(19:55 / All) WaSaBi.: you amde your team lose
(20:53 / Allies) bkzpimp: yellow game plan
(20:57 / Allies) sc2no.wc4yes: get units
(21:11 / Allies) sc2no.wc4yes: and expos
(22:00 / All) WaSaBi.: noob
(22:35 / Allies) sc2no.wc4yes: dude what are yo doing
(22:37 / Allies) sc2no.wc4yes: jacking off?
(22:39 / Allies) sc2no.wc4yes: hit expos at elast
(25:51 / Allies) sc2no.wc4yes: fight him
(25:54 / Allies) sc2no.wc4yes: polymorhph his wyrms
(25:55 / Allies) sc2no.wc4yes: and u win easy
(26:43 / All) Ny.Yankees: its not just the bm, u r just a cunt player
(26:49 / All) sc2no.wc4yes: okay
(26:55 / All) Ny.Yankees: not a bad thing
(27:02 / All) Ny.Yankees: just a terrorist
(28:54 / All) Ny.Yankees: plus the stupidity of my teammates that dont know how 21 tower
(29:03 / All) sc2no.wc4yes: can you really blame your allies ina 4v2?
(29:23 / All) Ny.Yankees: well its the mass towers thats helping lol
(29:34 / All) WaSaBi.: save
(29:37 / All) sc2no.wc4yes: really?
(29:40 / All) sc2no.wc4yes: i thought i made my team lose...
(32:54 / All) sc2no.wc4yes: im glad no shitbit birdnoob quitbabies got a free win off this
(33:03 / All) sc2no.wc4yes: would have been a gross miscarriage of justice
(33:04 / All) Ny.Yankees: lol
(35:46 / All) bkzpimp: lol yeah red eat shit
(36:28 / All) sc2no.wc4yes: my how the tables have turned
(36:39 / All) sc2no.wc4yes: who will be the firs tto realize you guys were never even close to winning
(36:41 / All) sc2no.wc4yes: and leave
(36:53 / All) WaSaBi.: stfu nerd
(37:01 / All) centralchargr64: CAUSE YOU CANT PLAY LIKE A MAN AND ONLY PUSSY OUT BEHIND YOUR TOWERS
(37:02 / All) bkzpimp: lol and i used such a shitty strategie
(37:03 / All) sc2no.wc4yes: we have a winner
(37:08 / All) bkzpimp: i ussually dont make rifles
(37:24 / All) centralchargr64: you suck orange
(37:55 / All) sc2no.wc4yes: i have 8000 gold
(38:04 / All) wc2012: at least your not 100 games under 500 yellow keep towering